 Dungeon Crawl Stone Soup version 0.29.1-13-g9f3cf754e1 (webtiles) character file.

Game seed: 16429789822449609333

14 Thatpatchoflichen the Shooter (level 2, -3/23 HPs)
             Began as a Demonspawn Hunter on Feb 1, 2023.
             Slain by a worm (6 damage)
             ... on level 2 of the Dungeon.
             The game lasted 00:01:56 (239 turns).

Thatpatchoflichen the Shooter (Demonspawn Hunter)    Turns: 239, Time: 00:01:56

Health: -3/23      AC:  3    Str: 11    XL:     2   Next: 31%
Magic:  2/2        EV: 12    Int: 10    God:
Gold:   13         SH:  4    Dex: 16    Spells: 1/1 levels left

rFire   . . .      SeeInvis .   a - +0 shortbow
rCold   . . .      Faith    .   (shield currently unavailable)
rNeg    . . .      Spirit   .   c - +0 leather armour
rPois   .          Reflect  .   (no helmet)
rElec   .          Harm     .   (no cloak)
rCorr   .          Rampage  .   (no gloves)
Will    .....                   (no boots)
Stlth   ++........              (no amulet)
HPRegen 0.07/turn               (no ring)
MPRegen 0.08/turn               (no ring)

@: no status effects
A: condensation shield
a: no special abilities


You were on level 2 of the Dungeon.
You visited 1 branch of the dungeon, and saw 2 of its levels.

You collected 13 gold pieces.

Inventory:

Hand Weapons
 a - a +0 shortbow (weapon)
Armour
 c - a +0 leather armour (worn)
Scrolls
 b - a scroll of immolation
 d - a scroll of teleportation {unknown}
Potions
 e - a potion of resistance {unknown}


   Skills:
 + Level 2.3 Fighting
 + Level 3.8 Ranged Weapons
 + Level 2.1 Dodging
 - Level 1.0 Stealth


You had one spell level left.
You didn't know any spells.
Your spell library was empty.

Dungeon Overview and Level Annotations

Branches:
Dungeon (2/15)

Altars:


Innate Abilities, Weirdness & Mutations

A meltable shield of frost defends you. (SH +4)


Message History

The arrow hits the worm but does no damage.
The worm is almost dead.
The worm barely misses you.
Fire: a) +0 shortbow
Press: ? - help, Q - select action Shift-Dir - straight line, f/p - worm
Aim: a worm (almost dead, 79% to hit)
You shoot an arrow. The arrow barely misses the worm.
The worm barely misses you.
Unknown command.
Fire: a) +0 shortbow
Press: ? - help, Q - select action Shift-Dir - straight line, f/p - worm
Aim: a worm (almost dead, 79% to hit)
You shoot an arrow. The arrow barely misses the worm.
The worm barely misses you.
Unknown command.
Fire: a) +0 shortbow
Press: ? - help, Q - select action Shift-Dir - straight line, f/p - worm
Aim: a worm (severely wounded, 79% to hit)
You shoot an arrow. The arrow hits the worm.
The worm is almost dead.
You block the worm's attack.
Fire: a) +0 shortbow
Press: ? - help, Q - select action Shift-Dir - straight line, f/p - worm
Aim: a worm (severely wounded, 79% to hit)
You shoot an arrow.
The arrow hits the worm but does no damage.
The worm is severely wounded.
The worm bites you!
* * * LOW HITPOINT WARNING * * *
Fire: a) +0 shortbow
Press: ? - help, Q - select action Shift-Dir - straight line, f/p - worm
Aim: a worm (severely wounded, 79% to hit)
You shoot an arrow. The arrow barely misses the worm.
Fire: a) +0 shortbow
Press: ? - help, Q - select action Shift-Dir - straight line, f/p - worm
Aim: a worm (severely wounded, 79% to hit)
You shoot an arrow. The arrow hits the worm.
The worm is severely wounded.
The worm bites you.
You die...

#..~~≈~.........
#..~≈≈~.~~~~~...
#..≈≈≈≈.~≈≈≈~...
#..≈≈≈~.~≈≈≈~.).
#..≈~~~.~~≈~~.#
##.............#
#>......#....#
#....@w.<#
#####$[.....$...
#......##...
###.......
#.#.#.## #.....#
#.#.#.# #.#.#..


You could see a worm.

Vanquished Creatures
  3 endoplasms (D:1)
  A giant cockroach (D:1)
  3 goblins
  3 jackals (D:1)
  A bat (D:1)
11 creatures vanquished.

Notes
Turn   | Place    | Note
-------+----------+-------------------------------------------
     0 | D:1      | Thatpatchoflichen the Demonspawn Hunter began the quest for
                  | the Orb.
     0 | D:1      | Reached XP level 1. HP: 16/16 MP: 1/1
    80 | D:1      | Reached skill level 1 in Stealth
   167 | D:1      | Gained mutation: A meltable shield of frost defends you.
                  | (SH +4) [demonic ancestry]
   167 | D:1      | Reached XP level 2. HP: 22/22 MP: 2/2
   239 | D:2      | Slain by a worm

Illustrated notes

Levels and vault maps discovered:
D:1:      lightli_iron_boxes, layout_basic, nicolae_grassy_gnolls
D:2:      layout_basic, basic_altar, hangedman_abyss_or_decor_stabs,
          minivault_14, nrook_mini_vaults, dreamdust_princess_corridor,
          kennysheep_donut, uniq_sigmund

Skill      XL: |  1 |
---------------+----+-----
Stealth        | 1 |  1.0
Dodging        | 2 |  2.1
Fighting       | |  2.3
Ranged Weapons | |  3.8

Action                   || total
-------------------------++-------
 Fire: Shortbow          ||    42
Armor: Leather armour    ||     8
Dodge: Dodged            ||    11
Block: Other             ||     5
